 Dungeon Sprint DCSS version 0.20-a0-876-g2c7b0bf (webtiles) character file.

1043 esc the Grappler (level 8, -10/138 HPs)
             Began as a Troll Berserker on Mar 15, 2017.
             Was an Elder of Trog.
             Mangled by a tyrant leech (19 damage)
             ... in the Dungeon (Sprint II: "The Violet Keep of Menkaure").
             The game lasted 00:03:45 (229 turns).

esc the Grappler (Troll Berserker)                   Turns: 229, Time: 00:03:46

Health: -10/138    AC:  8    Str: 31    XL:     8   Next: 4%
Magic:  7/7        EV: 14    Int:  3    God:    Trog [****..]
Gold:   512        SH:  0    Dex: 11    Spells: 7/7 levels left

rFire    . . .     SeeInvis .     - Unarmed
rCold    . . .     Gourm    +   a - +0 animal skin
rNeg     . . .     Faith    .   (no shield)
rPois    .         Spirit   .   (helmet restricted)
rElec    .         Reflect  .   i - +2 cloak
rCorr    .         Harm     .   (gloves unavailable)
MR       .....     NoTele   +   (boots unavailable)
Stlth    ..........             (no amulet)
Regen    0.8/turn               (no ring)
MPRegen  0.1/turn               (no ring)

@: berserking (expiring), very quick
A: unfitting armour, claws 3, fast metabolism 3, gourmand, regeneration 1,
shaggy fur 1, tough skin 2
a: Berserk, Trog's Hand, Brothers in Arms, Burn Spellbooks, Renounce Religion


You were in the Dungeon.
You worshipped Trog.
Trog was greatly pleased with you.
You were not hungry.

You visited 1 branch You collected 729 gold pieces.
You spent 217 gold pieces at shops.

Inventory:

Armour
 a - a +0 animal skin (worn)
 i - a +2 cloak (worn)
   (You bought it in a shop in the Dungeon)
Scrolls
 h - 2 scrolls of blinking {!r}
Potions
 c - a potion of curing
 d - a potion of heal wounds
 e - a potion of haste
 f - 2 potions of magic
 g - a potion of berserk rage {!q}
Comestibles
 b - 2 bread rations {@e1}
 j - 5 chunks of flesh {@w0}


   Skills:
 + Level 9.0 Fighting
 + Level 9.0 Dodging
 + Level 10.6 Unarmed Combat


You had 7 spell levels left.
You didn't know any spells.

Dungeon Overview and Level Annotations

Branches:
Dungeon (1/1)

Altars:

Shops:
D =%:[}(=:%}(?[!*!

Annotations:
D exclusion: oklob plant


Innate Abilities, Weirdness & Mutations

You are too large for most types of armour.
You have claws for hands.
Your metabolism is lightning-fast.
You like to eat raw meat.
Your natural rate of healing is unusually fast.
You are covered in fur. (AC +1)
You have very tough skin. (AC +2)


Message History

There is an open door here.
Things that are here:
an inedible chunk of flesh {@w0}; a necrophage skeleton; a necrophage corpse You butcher the necrophage corpse.
There is an open door here.
Items here: %% ÷÷ an inedible chunk of flesh {@w0}; a necrophage skeleton 4 inedible chunks of flesh {@w0}; a necrophage skeleton There isn't anything to butcher here.
You now have enough gold to buy a scroll of remove curse on this level, buy a scroll of fear on this level, buy a potion of curing on this level, buy a potion of agility on this level, buy a potion of heal wounds on this level, buy a potion of curing on this level, buy 2 potions of curing on this level, buy a runed robe on this level, buy a glowing robe on this level, buy a potion of mutation on this level, buy a wand of iceblast (5/15) on this level, buy 2 potions of might on this level, buy a potion of mutation on this level, buy a potion of haste on this level, buy a potion of haste on this level, buy a potion of resistance on this level, buy a glowing shield on this level, buy a box of beasts on this level, buy a wand of clouds (3/9) on this level, or buy a box of beasts on this level.
You now have 269 gold pieces (gained 243).
There is an open door here.
Items here: %% ÷÷ an inedible chunk of flesh {@w0}; a necrophage skeleton 4 inedible chunks of flesh {@w0}; a necrophage skeleton You start waiting.
You feel yourself speed up.
You start waiting.
You feel less exhausted.
There is a staircase leading out of the dungeon here.
You open the door. 2 tyrant leeches come into view.
You close the door.
You open the door. 3 worms come into view.
Okay, then.
You mangle the worm!!
You kill the worm!
Trog accepts your kill.
You mangle the worm!!
You kill the worm!
Trog accepts your kill.
There is an open door here.
Things that are here:
a worm corpse x2
You barely miss the worm. The worm bites you but does no damage.
You mangle the worm!! You mangle the worm!!
You kill the worm!
Trog accepts your kill.
You can now call in reinforcements.
You butcher the worm corpse.
j - 2 chunks of flesh {@w0}
There is an open door here.
You see here a worm corpse.
You butcher the worm corpse.
j - 5 chunks of flesh {@w0} (gained 3)
There is an open door here.
There isn't anything here!
You now have enough gold to buy 2 potions of haste on this level, or buy a wand of acid (12/15) on this level.
You now have 512 gold pieces (gained 243).
There is an open door here.
There is an open door here.
You open the door.
A red film seems to cover your vision as you go berserk!
You feel yourself moving faster!
You feel mighty!
You feel a lot more hungry.
The tyrant leech bites you but does no damage.
You now have 121/121 hp.
You barely miss the tyrant leech. The tyrant leech bites you!
The tyrant leech draws strength from your injuries!
You take 16 damage, and have 105/121 hp.
You mangle the tyrant leech!! You closely miss the tyrant leech.
You barely miss the tyrant leech. The tyrant leech bites you!!
The tyrant leech draws strength from your injuries!
You take 25 damage, and have 80/121 hp.
MASSIVE DAMAGE!!
You claw the tyrant leech! You mangle the tyrant leech!!
The tyrant leech bites you!
The tyrant leech draws strength from your injuries!
You take 12 damage, and have 68/121 hp.
You mangle the tyrant leech!! You claw the tyrant leech!
You kill the tyrant leech!
Trog accepts your kill.
Your Fighting skill increases to level 9!
Your Dodging skill increases to level 9!
You have reached level 8!
You regained 10 hp, and now have 79/138 hp.
MP restored: 7 You closely miss the tyrant leech.
You barely miss the tyrant leech. The tyrant leech bites you!!
The tyrant leech draws strength from your injuries!
You take 23 damage, and have 56/138 hp.
You miss the tyrant leech. You barely miss the tyrant leech.
You closely miss the tyrant leech. Your claw misses the tyrant leech.
The tyrant leech bites you!!
* * * LOW HITPOINT WARNING * * *
The tyrant leech draws strength from your injuries!
You take 34 damage, and have 23/138 hp.
MASSIVE DAMAGE!!
You miss the tyrant leech. You barely miss the tyrant leech.
The tyrant leech bites you!
* * * LOW HITPOINT WARNING * * *
The tyrant leech draws strength from your injuries!
You take 16 damage, and have 8/138 hp.
You claw the tyrant leech! You scratch the tyrant leech.
The tyrant leech bites you!!
You die...

#########≈≈≈...
.......∩#≈≈≈≈.##+##
∩.....∩.#≈≈≈≈##...##
.∩...∩.∩#≈≈≈≈#..#..#
∩.∩.∩.∩.#≈≈####.#.####
.∩.∩.∩..#≈##.###%###.#
..∩.∩...#≈#.#.##.##.###
...⌠....+≈+###'.<.'##.+
........#≈#.#.##@##...#
▓▓▓▓▓▓###≈##.###w###.##
?HJ######≈≈### .#. ###
$$H#Y ##≈≈≈#.. ..
∩P)+.Y #+#≈##. $##
%..#(# ≈≈## ## ≈≈≈ +++#
≈


You could see a tyrant leech.

Vanquished Creatures
  A tyrant leech (D)
  2 hippogriffs (D)
  Menkaure (D)
  4 necrophages (D)
  3 worms (D)
11 creatures vanquished.

Vanquished Creatures (others)
  A crocodile (D)
1 creature vanquished.

Grand Total: 12 creatures vanquished

Notes
Turn   | Place    | Note
-------+----------+-------------------------------------------
     0 | D        | esc the Troll Berserker began the quest for the Orb.
     0 | D        | Reached XP level 1. HP: 22/22 MP: 0/0
     2 | D        | Noticed a hippogriff
     2 | D        | Noticed a hippogriff
     8 | D        | Killed a hippogriff
     8 | D        | Reached skill level 5 in Fighting
     8 | D        | Reached skill level 5 in Dodging
     8 | D        | Reached skill level 7 in Unarmed Combat
     8 | D        | Reached XP level 2. HP: 36/36 MP: 1/1
     8 | D        | Reached XP level 3. HP: 44/44 MP: 2/2
     8 | D        | Reached XP level 4. HP: 52/52 MP: 3/3
     8 | D        | Reached XP level 5. HP: 59/59 MP: 4/4
    11 | D        | Killed a hippogriff
    11 | D        | Reached skill level 7 in Fighting
    11 | D        | Reached skill level 7 in Dodging
    11 | D        | Reached skill level 8 in Unarmed Combat
    11 | D        | Reached XP level 6. HP: 71/71 MP: 5/5
    50 | D        | Found Galaudoq's Gadget Emporium.
    50 | D        | Found Ohyneut's Magic Scroll Emporium.
    50 | D        | Found Xodielio's Book Shoppe.
    50 | D        | Found Ovvem's Distillery.
    50 | D        | Found Fulah's Food Shoppe.
    50 | D        | Found Caavu's Distillery.
    50 | D        | Found Ostropnu's Antique Weapon Shoppe.
    50 | D        | Found Xawusi's Antique Armour Shoppe.
    50 | D        | Found Meapn's Assorted Antiques.
    51 | D        | Found Eqavix's Jewellery Shoppe.
    51 | D        | Found Sauw Ulo's Antique Weapon Emporium.
    51 | D        | Noticed a slime creature
    52 | D        | Noticed a slime creature
    53 | D        | Found Doec's Gadget Emporium.
    53 | D        | Found Harysigg's Antique Armour Shoppe.
    53 | D        | Noticed Menkaure
    53 | D        | Noticed a slime creature
    53 | D        | Noticed an oklob plant
    54 | D        | Found Neaxett's Food Shoppe.
    54 | D        | Found Ciuzobay's Jewellery Emporium.
    54 | D        | Found Qyma's Book Shoppe.
    54 | D        | Noticed a manticore
    67 | D        | Killed Menkaure
    67 | D        | Reached ** piety under Trog
    67 | D        | Reached skill level 9 in Unarmed Combat
    79 | D        | Noticed a yak
    79 | D        | Noticed a yak
    80 | D        | Noticed a manticore
    83 | D        | Noticed a yak
    90 | D        | Bought a glowing cloak for 142 gold pieces
    99 | D        | Bought a scroll of blinking for 75 gold pieces
   129 | D        | Reached XP level 7. HP: 79/79 MP: 6/6
   134 | D        | Reached skill level 8 in Fighting
   134 | D        | Reached skill level 8 in Dodging
   136 | D        | Reached *** piety under Trog
   136 | D        | Reached skill level 10 in Unarmed Combat
   183 | D        | Noticed a tyrant leech
   183 | D        | Noticed a tyrant leech
   193 | D        | Reached **** piety under Trog
   220 | D        | Killed a tyrant leech
   220 | D        | Reached skill level 9 in Fighting
   220 | D        | Reached skill level 9 in Dodging
   220 | D        | Reached XP level 8. HP: 79/92 MP: 7/7
   225 | D        | HP: 23/138 [tyrant leech (34)]
   227 | D        | HP: 8/138 [tyrant leech (16)]
   229 | D        | Mangled by a tyrant leech

Vault maps used:
D:        the_violet_keep_of_menkaure

Skill      XL: |  1  2  3  4  5  6  7 |
---------------+----------------------+-----
Fighting       | 5 7 9 |  9.0
Dodging        | 5 7 9 |  9.0
Unarmed Combat | 7 8 9 10 | 10.6

Action                   |  1- 3 |  4- 6 |  7- 9 || total
-------------------------+-------+-------+-------++-------
Melee: Unarmed           |     5 |    12 |    34 ||    51
Invok: Berserk           |     1 |     2 |     1 ||     4
  Eat: Chunk             |       |     4 |       ||     4
Armor: Animal skin       |     1 |     3 |     3 ||     7
Dodge: Dodged            |     3 |     4 |     3 ||    10

Vault maps used:
D:        the_violet_keep_of_menkaure

Table legend:
 A = Turns spent in this place as a percentage of turns spent in the entire game.
 B = Non-inter-level travel turns spent in this place as a percentage of non-inter-level travel turns spent in the entire game.
 C = Inter-level travel turns spent in this place as a percentage of turns spent in this place.
 D = Turns resting spent in this place as a percentage of non-inter-level travel turns spent in this place.
 E = Turns spent auto-exploring this place as a percentage of non-inter-level travel turns spent in this place.
 F = Non-inter-level travel turns spent in this place divided by the number of levels of this place that you've seen.
                   A       B       C       D       E      F
               +-------+-------+-------+-------+-------+----------------------
         Total | 100.0 | 100.0 |   0.9 |   3.8 |   0.0 | 210.0
       Dungeon | 100.0 | 100.0 |   0.9 |   3.8 |   0.0 | 210.0
               +-------+-------+-------+-------+-------+----------------------

Table legend:
 A = Kills in this place as a percentage of kills in entire the game.
 B = Kills by you in this place as a percentage of kills by you in the entire game.
 C = Kills by friends in this place as a percentage of kills by friends in the entire game.
 D = Other kills in this place as a percentage of other kills in the entire game.
 E = Experience gained in this place as a percentage of experience gained in the entire game.
 F = Experience gained in this place divided by the number of levels of this place that you have seen.
                   A       B       C       D       E      F
               +-------+-------+-------+-------+-------+----------------------
         Total | 100.0 | 100.0 |  -nan |  -nan | 100.0 | 1491.0
       Dungeon | 100.0 | 100.0 |  -nan |  -nan | 100.0 | 1491.0
               +-------+-------+-------+-------+-------+----------------------
